 Dungeon Crawl Stone Soup version 0.31-a0-986-g5e6e4ef867 (webtiles) character file.

Game seed: 11080293317372817647

65 croobank the Sneak (level 3, -10/30 HPs)
             Began as a Demigod Delver on Nov 4, 2023.
             Mangled by a gnoll
             ... wielding a +0 flail
              (12 damage)
             ... on level 1 of the Dungeon.
             The game lasted 00:08:55 (1733 turns).

croobank the Sneak (Demigod Delver)                 Turns: 1733, Time: 00:08:56

Health: -10/30     AC:  3    Str: 13    XL:     3   Next: 67%
Magic:  6/6        EV: 12    Int: 16    God:
Gold:   124        SH:  0    Dex: 15    Spells: 1/2 levels left

rFire   . . .        a - +0 short sword
rCold   . . .        (no shield)
rNeg    . . .        o - +0 leather armour
rPois   .            (no helmet)
rElec   .            (no cloak)
rCorr   .            (no gloves)
SInv    .            (no boots)
Will    .....        (no amulet)
Stlth   +++          (no ring)
HPRegen 0.25/turn    (no ring)
MPRegen 0.10/turn

%: no passive effects
@: hasted, very quick
A: high MP 1, forlorn, divine attributes
a: no special abilities


You were on level 1 of the Dungeon.
You visited 1 branch of the dungeon, and saw 6 of its levels.

You collected 124 gold pieces.

Inventory:

Hand Weapons
 a - a +0 short sword (weapon)
 b - a +0 sling
 h - a +0 trident
 r - a +0 war axe
Missiles
 q - 6 poisoned darts
Armour
 o - a +0 leather armour (worn)
Magical Staves
 e - a staff of death
Wands
 g - a wand of digging (1)
 s - a wand of roots (10)
Scrolls
 c - a scroll of fog
 d - a scroll of silence {unknown}
 i - 3 scrolls of identify {unknown}
 k - a scroll of immolation {unknown}
 m - 2 scrolls of teleportation {unknown}
 p - a scroll of noise {unknown}
Potions
 j - 2 potions of curing {unknown}
 l - a potion of degeneration {unknown}
 n - a potion of brilliance {unknown}


   Skills:
 + Level 2.9 Fighting
 + Level 2.0 Short Blades
 + Level 2.1 Dodging
 + Level 5.2 Stealth
 * Level 0.4 Spellcasting
 * Level 0.6 Summonings


You had one spell level left.
You knew the following spells:

 Your Spells              Type           Power      Damage    Failure   Level
a - Summon Small Mammal   Summ           8%         N/A       24%         1

Your spell library contained the following spells:

 Spells                   Type           Power      Damage    Failure   Level
 Call Canine Familiar     Summ           2%         N/A       56%         3
 Summon Guardian Golem    Hex/Summ       1%         N/A       63%         3


Dungeon Overview and Level Annotations

Branches:
Dungeon (6/15)
 Temple: D:4-7

Shops:
D:2 :

Annotations:
D:4 Robin
D:5 Edmund


Innate Abilities, Weirdness & Mutations

You have an increased reservoir of magic. (+10% MP)
You shall have no god before yourself.
Your divine heritage dramatically boosts your attributes as you level up.


Message History

The giant cockroach closely misses you.
a - a +0 short sword (weapon)
You completely miss the giant cockroach.
The giant cockroach closely misses you.
A gnoll comes into view. It is wielding a +0 club.
The giant cockroach barely misses you.
You hit the giant cockroach.
The giant cockroach is almost dead.
The giant cockroach barely misses you.
You hit the giant cockroach.
You kill the giant cockroach!
You hit the gnoll but do no damage.
The gnoll is heavily wounded.
The gnoll barely misses you.
You barely miss the gnoll.
The gnoll is heavily wounded.
You closely miss the gnoll.
The gnoll is heavily wounded.
You hit the gnoll but do no damage. You barely miss the gnoll.
The gnoll hits you with a +0 flail!
You closely miss the gnoll. The gnoll hits you with a +0 flail!
You are too injured to fight recklessly!
The gnoll closely misses you.
You climb upwards.
There is a stone staircase leading down here.
You hit the gnoll.
The gnoll is lightly wounded.
The gnoll barely misses you.
You hit the gnoll.
The gnoll is lightly wounded.
The gnoll hits you with a +0 flail!
* * * LOW HITPOINT WARNING * * *
You hit the gnoll.
The gnoll is moderately wounded.
The gnoll hits you with a +0 flail.
* * * LOW HITPOINT WARNING * * *
Okay, then.
Okay, then.
You feel yourself speed up. The gnoll hits you with a +0 flail!
You die...

..#####.###...###........#####.##
#.......#f##'#####.#####...##....
############.#.#...# #...##..##
#O#m#p#n# #......### ####.....#
######### #.....#######......#.#
##########.....##......###....##
#.....##.#....#...#####.........
#.........#....g### #........#
#.....##.......@# #........#
#.....##......#.#### #........#
#.....#......รท.....##########...
#.....#......####...............
#######......# #.#.............
#.....#####...######.#####
########.)...........#
#..###..######## #.## ####


You could see a gnoll.

Vanquished Creatures
  2 adders
  A worm (D:3)
  A dart slug (D:1)
  An orc (D:6)
  4 bats (D:1)
  An endoplasm (D:1)
  A giant cockroach (D:2)
  4 hobgoblins
  3 quokkas
  5 ball pythons
  3 frilled lizards (D:1)
  4 goblins
  8 kobolds (D:1)
  3 rats (D:1)
41 creatures vanquished.

Notes
Turn   | Place    | Note
-------+----------+-------------------------------------------
     0 | D:5      | croobank the Demigod Delver began the quest for the Orb.
     0 | D:5      | Reached XP level 1. HP: 18/18 MP: 3/3
   193 | D:6      | Reached skill level 5 in Stealth
   193 | D:6      | Reached XP level 2. HP: 4/25 MP: 4/4
   327 | D:5      | Noticed Edmund
   385 | D:4      | Noticed Robin
   566 | D:3      | Learned a level 1 spell: Summon Small Mammal
   846 | D:2      | Found Lisheg's Book Shoppe.
   923 | D:1      | Reached XP level 3. HP: 27/30 MP: 5/5
  1299 | D:1      | Noticed a demigod
  1300 | D:1      | Noticed a vine stalker
  1302 | D:1      | Noticed a vine stalker
  1302 | D:1      | Noticed a ghoul
  1315 | D:1      | Noticed a demigod
  1319 | D:1      | Noticed a merfolk
  1321 | D:1      | Noticed an ogre
  1323 | D:1      | Noticed a human
  1323 | D:1      | Noticed a ghoul
  1327 | D:1      | Noticed a merfolk
  1331 | D:1      | Noticed a demonspawn
  1333 | D:1      | Noticed a ghoul
  1733 | D:1      | Mangled by a gnoll

Illustrated notes

Levels and vault maps discovered:
D:1:      shiori_arrival_whats_in_store_for_you, layout_rooms,
          minmay_pentomino_r2
D:2:      layout_basic, serial_shops, shop, chequers_serial_rivers_micro_d
D:3:      layout_loops_corners, mainiacjoe_overflow_small_starburst,
          nicolae_dithmenos_through_a_glass_darkly,
          gammafunk_temple_overflow_claw, uniq_natasha, uniq_terence,
          uniq_sigmund, uniq_ijyb
D:4:      layout_rooms, lemuel_coloured_pillars_altar,
          mainiacjoe_overflow_cross_hatched, guppyfry_shop_venom, uniq_robin
D:5:      layout_rooms, minmay_temple_entry_large_hall,
          nicolae_figureground_pulse, uniq_edmund, uniq_pikel
D:6:      black_bear_nest_2, layout_basic, tgw_trog, lemuel_crystal_altar,
          portal_sewer_entry_e

Skill      XL: |  1  2  3 |
---------------+----------+-----
Stealth        | 5 |  5.2
Dodging        | 2 |  2.1
Short Blades   | 2 |  2.0
Fighting       | |  2.9
Spellcasting   | |  0.4
Summonings     | |  0.6

Action                     || total
---------------------------++-------
  Melee: Short sword       ||    90
   Fire: Sling             ||    88
   Cast: Summon Small Mamm ||     4
  Evoke: Wand              ||     2
    Use: Scroll            ||     2
         Potion            ||     1
   Stab: Sleeping          ||     2
 Armour: Leather armour    ||    63
  Dodge: Dodged            ||    85

Table legend: (Time is in decaauts)
 A = Elapsed time spent in this place.
 B = Non-inter-level travel time spent in this place.
 C = Inter-level travel time spent in this place.
 D = Time resting spent in this place.
 E = Time spent auto-exploring this place.
 F = Levels seen in this place.
 G = Mean time per level.
                   A        B        C        D        E       F      G
               +--------+--------+--------+--------+--------+-----+--------+
         Total |   1762 |   1685 |     77 |    388 |    695 |   6 |  293.7 |
       Dungeon |   1762 |   1685 |     77 |    388 |    695 |   6 |  293.7 |
               +--------+--------+--------+--------+--------+-----+--------+

Top non-repeatable levels by time:
     D:1: 768 daAuts
     D:3: 341 daAuts
     D:6: 283 daAuts
     D:2: 272 daAuts
     D:5: 48 daAuts
     D:4: 48 daAuts
